Map: Bridgehead LE (Void)

Players

LEE - Winner!

  • Race: Protoss Protoss
  • League: Platinum

Javert

  • Race: Zerg Zerg
  • League: Platinum

VOD

Have the link to the VOD?

Description

Time

  • Played on: Aug. 23, 2015, 12:30 a.m.
  • Length: 12:06
Show
View Real Time Build Order
Export as new Build Order

LEE Protoss - Winner!

Build Orders: 1 Gate Expand 

Get SALT Encoding   

  12  0:00  Probe  
  13  0:14  Probe  
  14  0:20  Pylon  
  14  0:26  Probe  
  15  0:38  Probe  
  16  0:45  Gateway  
  16  0:48  Assimilator  
  16  0:50  Probe  
  17  1:02  Probe  
  18  1:22  Nexus  
  18  1:26  Probe  
  19  1:39  Probe  
  20  1:42  Cybernetics Core  
  20  1:53  Probe  
  21  1:56  Assimilator  
  21  2:02  Pylon  
  21  2:05  Probe  
  22  2:15  Warp Gate  
  22  2:17  Probe  
  22  2:20  Zealot  
  25  2:29  Mothership Core  
  27  2:34  Probe  
  28  2:46  Probe  
  28  2:47  Robotics Facility  
  28  2:50  Probe  
  31  2:58  Probe  
  31  3:03  Probe  
  32  3:10  Probe  
  33  3:15  Probe  
  33  3:18  Pylon  
  34  3:22  Probe  
  34  3:26  Adept  
  37  3:27  Probe  
  38  3:34  Probe  
  38  3:35  Assimilator  
  38  3:37  Assimilator  
  38  3:39  Probe  
  39  3:43  Observer  
  39  3:47  Probe  
  41  3:51  Probe  
  41  3:53  Gateway  
  41  3:55  Gateway  
  42  3:58  Gateway  
  42  3:59  Probe  
  43  4:05  Gateway, Observer  
  43  4:07  Probe  
  45  4:11  Probe  
  46  4:26  Immortal, Forge  
  46  4:29  Probe  
  46  4:30  Probe  
  52  4:42  Probe x2, Pylon  
  54  4:51  Pylon  
  54  5:00  Probe x2  
  54  5:02  Protoss Ground Weapons Level 1  
  54  5:05  Adept x2  
  54  5:06  Adept  
  62  5:13  Pylon  
  62  5:14  Pylon  
  62  5:15  Pylon  
  62  5:22  Adept  
  62  5:23  Adept  
  66  5:29  Twilight Council  
  66  5:36  Immortal  
  70  5:45  Probe  
  71  5:56  Nexus  
  71  5:57  Pylon  
  71  6:07  Stalker x4  
  79  6:15  Warp Prism  
  81  6:19  Adept  
  82  6:34  Robotics Bay  
  82  6:38  Zealot x2  
  80  6:47  Probe  
  80  6:48  Probe  
  72  7:22  Adept x5  
  76  7:27  Immortal  
  76  7:45  Adept x4  
  76  7:46  Adept  
  74  8:06  Stalker x3  
  74  8:07  Stalker x2  
  74  8:11  Immortal  
  88  8:13  Probe x3  
  87  8:25  Probe x2  
  81  8:34  Stalker x5  
  67  9:10  Adept x2  
  67  9:11  Adept x2  
  67  9:12  Adept  
  67  9:14  Probe x3  
  80  9:18  Gateway  
  80  9:19  Gateway  
  80  9:24  Gateway  
  80  9:26  Gateway, Probe  
  80  9:30  Gateway  
  81  9:34  Adept x2  
  81  9:35  Adept, Assimilator  
  87  9:40  Assimilator  
  87  9:44  Immortal  
  91  9:45  Pylon  
  87  10:07  Adept  
  87  10:08  Adept  
  87  10:09  Shield Upgrade  
  87  10:11  Adept  
  82  10:32  Adept x2  
  82  10:33  Adept  
  90  10:41  Adept x4  
  90  10:53  Adept x3  
  96  10:57  Colossus  
  96  11:00  Probe x3  
  105  11:12  Probe x2  
  107  11:30  Adept x2  
  107  11:31  Adept x2, Zealot x3  
  107  11:32  Zealot x2  
  125  11:44  Probe x3  
  122  11:52  Sentry x2  
  122  11:54  Stalker x4  
Show
View Real Time Build Order
Export as new Build Order

Javert Zerg 

Build Orders: Hatch First 

Get SALT Encoding   

  12  0:01  Drone  
  13  0:15  Overlord  
  13  0:19  Drone  
  14  0:33  Drone x2  
  16  0:39  Drone  
  17  0:50  Drone  
  18  1:05  Drone  
  18  1:07  Hatchery  
  18  1:13  Drone  
  19  1:26  Extractor  
  19  1:27  Spawning Pool  
  19  1:28  Drone  
  19  1:31  Drone  
  19  1:43  Drone  
  19  2:06  Hatchery  
  18  2:15  Queen  
  20  2:19  Queen  
  22  2:24  Overlord  
  22  2:29  Metabolic Boost  
  22  2:31  Drone  
  22  2:32  Drone  
  22  2:33  Drone  
  25  2:38  Drone  
  25  2:40  Drone  
  27  2:53  Overlord  
  27  3:00  Queen  
  27  3:03  Drone x2  
  31  3:08  Overlord  
  31  3:13  Zergling x4  
  33  3:23  Zergling x8  
  37  3:28  Drone x2  
  37  3:30  Drone  
  40  3:34  Drone x2  
  42  3:58  Drone x3  
  42  3:59  Drone x5  
  50  4:07  Overlord x2  
  50  4:13  Extractor  
  50  4:15  Lair, Extractor  
  50  4:16  Drone x4, Extractor  
  51  4:28  Overlord  
  51  4:37  Roach Warren  
  50  4:40  Drone  
  50  4:41  Drone x8  
  59  4:55  Drone x4  
  63  5:02  Spine Crawler  
  63  5:07  Overlord  
  62  5:12  Overlord  
  61  5:16  Hydralisk Den  
  60  5:24  Roach x8  
  60  5:27  Glial Reconstitution  
  76  5:33  Drone  
  76  5:34  Drone x3  
  80  5:43  Overlord x2  
  80  5:53  Spine Crawler, Hydralisk  
  80  5:54  Hydralisk x3  
  87  6:00  Queen  
  87  6:02  Drone x3  
  92  6:10  Drone  
  92  6:11  Drone x6  
  99  6:21  Evolution Chamber  
  99  6:23  Evolution Chamber  
  96  6:43  Hydralisk  
  96  6:44  Hydralisk x9  
  112  6:54  Overlord, Spine Crawler  
  112  6:55  Overlord  
  112  6:58  Overlord x2  
  73  7:24  Roach x11  
  90  7:42  Roach x6  
  90  7:43  Roach  
  102  7:44  Queen  
  90  7:59  Roach x5  
  90  8:00  Roach  
  100  8:11  Hydralisk  
  100  8:12  Hydralisk x6  
  96  8:37  Hydralisk x7  
  100  8:52  Roach  
  100  8:53  Roach x5  
  100  8:55  Lurker Den  
  104  9:07  Zerg Missile Weapons Level 1, Zerg Ground Armor Level 1  
  104  9:12  Roach x4  
  104  9:13  Roach x2  
  116  9:22  Drone x4  
  120  9:35  Overlord x2  
  120  9:41  Extractor, Queen  
  120  9:42  Hatchery, Extractor  
  119  9:48  Spine Crawler x2  
  119  9:49  Overlord  
  119  9:50  Spine Crawler  
  119  9:51  Spine Crawler  
  115  10:01  Spine Crawler  
  115  10:02  Spine Crawler  
  85  10:59  Spore Crawler, Drone x11  
  95  11:05  Hydralisk  
  95  11:06  Hydralisk x11  
  119  11:30  Spine Crawler x2, Hydralisk  
  119  11:31  Spine Crawler, Hydralisk x9  
  119  11:32  Spine Crawler  
Tags
 
Add a new tag
Caveats
  • Supply blocks, unpowered buildings, or Contaminate may cause inaccurate times.
  • Supply counts are checked every 10 seconds.